 Dungeon Crawl Stone Soup version 0.25.1-2-g60ff931df9 (webtiles) character file.

Game seed: 17207484463250417915

1120 Exodus22XD the Archer (level 8, -26/67 HPs)
             Began as a Centaur Hunter on Nov 7, 2020.
             Killed from afar by Maggie (29 damage)
             ... with a bolt of fire
             ... on level 6 of the Dungeon.
             The game lasted 00:06:41 (6791 turns).

Exodus22XD the Archer (Centaur Hunter)              Turns: 6791, Time: 00:06:42

Health: -26/67     AC:  8    Str: 17    XL:     8   Next: 12%
Magic:  8/8        EV:  8    Int: 10    God:
Gold:   239        SH:  0    Dex: 16    Spells: 7/7 levels left

rFire    . . .     SeeInvis .   r - +6 mace of Linearity {freeze, Dex+6}
rCold    . . .     Gourm    .   (no shield)
rNeg     . . .     Faith    .   n - +0 scale mail
rPois    .         Spirit   .   e - +0 helmet
rElec    .         Reflect  .   k - scarf {repulsion}
rCorr    .         Harm     .   (no gloves)
MR       .....                  (no barding)
Stlth    ..........             (no amulet)
HPRegen  0.21/turn              u - ring of flight
MPRegen  0.11/turn              (no ring)

@: mighty, stab, mesmerised, repel missiles, very quick
A: large, hooves 3, deformed body, speed 2, tough skin 3
a: Evoke Flight


You were on level 6 of the Dungeon.
You were not hungry.

You visited 1 branch of the dungeon, and saw 6 of its levels.

You collected 239 gold pieces.

Inventory:

Hand Weapons
 a - a +1 shortbow
 j - a +0 rapier
 r - the +6 mace of Linearity (weapon) {freeze, Dex+6}
   (You found it on level 4 of the Dungeon)

   It has been specially enchanted to freeze those struck by it, causing extra
   injury to most foes and up to half again as much damage against particularly
   susceptible opponents.
   It can also slow down cold-blooded creatures.
   It affects your dexterity (+6).
Missiles
 d - 77 arrows
Armour
 e - a +0 helmet (worn)
 k - a scarf of repulsion (worn)
 n - a +0 scale mail (worn)
 D - the +0 robe "Guzywk" {+Inv}
   (You found it on level 6 of the Dungeon)

   It lets you turn invisible.
Jewellery
 u - a ring of flight (left hand)
Wands
 s - a wand of polymorph (6)
 v - a wand of disintegration (6)
 y - a wand of random effects (8)
 C - a wand of acid (8)
Scrolls
 b - 5 scrolls of teleportation {unknown}
 h - 6 scrolls of remove curse {unknown}
 i - a scroll of fog {unknown}
 p - 3 scrolls of identify {unknown}
 x - a scroll of enchant armour {unknown}
Potions
 c - a potion of brilliance {unknown}
 g - a potion of berserk rage {unknown}
 l - a potion of heal wounds {unknown}
 m - a potion of stabbing
 o - 2 potions of might
 t - a potion of curing {unknown}
 w - a potion of flight {unknown}
 z - a potion of resistance {unknown}
 A - a potion of lignification {unknown}
 B - a potion of degeneration {unknown}
Comestibles
 f - 11 rations
 q - 12 chunks of flesh


   Skills:
 + Level 4.6 Fighting
 - Level 1.4 Maces & Flails
 * Level 9.3 Bows
 + Level 3.7 Armour
 + Level 2.5 Dodging
 - Level 0.4 Stealth


You had 7 spell levels left.
You didn't know any spells.
Your spell library was empty.

Dungeon Overview and Level Annotations

Branches:
Dungeon (6/15)             Temple (0/1) D:6

Altars:
Kikubaaqudgha
Nemelex Xobeh
Qazlal
Ru
Wu Jian

Shops:
D:5 [!%[

Annotations:
D:3 3 runed translucent doors, Cykl0x's ghost, amateur FoFi; philipeq's ghost, amateur DsMo
D:6 Maggie


Innate Abilities, Weirdness & Mutations

You have hooves in place of feet.
Armour fits poorly on your strangely shaped body.
You cover ground very quickly.
You have extremely tough skin. (AC +3)


Message History

* * * LOW HITPOINT WARNING * * *
The iguana bites you but does no damage.
It was a potion of stabbing.
You feel ready to backstab.
Maggie points at you and mumbles some strange words.
The bolt of fire is repelled.
The iguana bites you!
* * * LOW HITPOINT WARNING * * *
You hit Maggie. You freeze Maggie.
Maggie is almost dead.
Maggie hits you with a +1 long sword of flaming.
* * * LOW HITPOINT WARNING * * *
Maggie burns you.
* * * LOW HITPOINT WARNING * * *
The iguana closely misses you. The iguana barely misses you.
Okay, then.
You thump Maggie! You freeze Maggie. Your kick misses Maggie.
Maggie is almost dead.
Maggie casts a spell at you. The bolt of fire hits you!!
You die...

......####.##.#.P.P...
......# ##....###.##..
......# #....#P#...#
.[...####.##.....>...
).....#...##..P#..)#P#
......#.###...###.####
............#.## .P#
.....#####.....##l.###?#
....## ####...@@Y.....
.#.## #.####.(#... ...#
#.. .# #### .... ..
#.##.. #. #. ##. # .. ##
.#


You could see Maggie (mesmerising), an ice beast and an iguana.

Vanquished Creatures
  Duvessa (D:4)
  A phantom (D:5)
  2 bullfrogs (D:6)
  Dowan (D:4)
  2 scorpions
  2 crimson imps
  3 hounds (D:5)
  An orc priest (D:6)
  2 bullfrog skeletons (D:5)
  Ijyb (D:4)
  3 iguanas
  A worker ant (D:3)
  A hound skeleton (D:5)
  A howler monkey zombie (D:6)
  4 gnolls
  10 adders
  An adder skeleton (D:4)
  5 worms
  2 dart slugs
  A leopard gecko (D:4)
  13 orcs
  3 giant cockroaches
  2 goblins
  7 hobgoblins
  17 jackals
  5 quokkas
  6 ball pythons
  5 bats
  A frilled lizard (D:2)
  A giant cockroach zombie (D:5)
  A jackal skeleton (D:6)
  6 kobolds
  A quokka zombie (D:6)
  7 rats
120 creatures vanquished.

Vanquished Creatures (others)
  An orc (D:6)
  4 withered plants (D:3)
5 creatures vanquished.

Grand Total: 125 creatures vanquished

Notes
Turn   | Place    | Note
-------+----------+-------------------------------------------
     0 | D:1      | Exodus22XD the Centaur Hunter began the quest for the Orb.
     0 | D:1      | Reached XP level 1. HP: 17/17 MP: 1/1
   489 | D:1      | Reached XP level 2. HP: 4/24 MP: 2/2
  1182 | D:2      | Reached skill level 6 in Bows
  1530 | D:2      | Reached XP level 3. HP: 28/29 MP: 3/3
  2172 | D:3      | Reached skill level 1 in Armour
  2665 | D:3      | Found a runed translucent gate.
  2666 | D:3      | Found a runed translucent gate.
  2666 | D:3      | Found a runed translucent gate.
  2666 | D:3      | Noticed philipeq's ghost (amateur DsMo)
  2666 | D:3      | Noticed Cykl0x's ghost (amateur FoFi)
  2714 | D:3      | Reached XP level 4. HP: 9/37 MP: 4/4
  3083 | D:3      | Found an ornate altar of the Wu Jian Council.
  3352 | D:3      | Found a sacrificial altar of Ru.
  4041 | D:4      | Reached XP level 5. HP: 42/42 MP: 5/5
  4100 | D:4      | Got an ancient mace
  4101 | D:4      | Identified the +6 mace of Linearity {freeze, Dex+6} (You
                  | found it on level 4 of the Dungeon)
  4166 | D:4      | Found an ancient bone altar of Kikubaaqudgha.
  4286 | D:4      | Found a stormy altar of Qazlal.
  4566 | D:4      | Noticed Ijyb
  4579 | D:4      | Killed Ijyb
  4825 | D:4      | Noticed Duvessa
  4825 | D:4      | Noticed Dowan
  4889 | D:4      | Killed Duvessa
  4889 | D:4      | Reached skill level 1 in Maces & Flails
  4889 | D:4      | Reached XP level 6. HP: 33/51 MP: 6/6
  5037 | D:4      | Killed Dowan
  5037 | D:4      | Reached skill level 7 in Bows
  5450 | D:5      | Entered Level 5 of the Dungeon
  5490 | D:5      | Found Xubive's Armour Emporium.
  5566 | D:5      | Reached XP level 7. HP: 40/57 MP: 7/7
  5654 | D:5      | Found Jics's Food Shoppe.
  5662 | D:5      | Reached skill level 8 in Bows
  5809 | D:5      | Found Cefuargh's Distillery.
  6053 | D:5      | Found a sparkling altar of Nemelex Xobeh.
  6214 | D:5      | Found Unayth's Armour Shoppe.
  6439 | D:6      | Reached skill level 9 in Bows
  6634 | D:6      | Reached XP level 8. HP: 54/67 MP: 8/8
  6745 | D:6      | Got a twisted robe
  6756 | D:6      | Identified the +0 robe "Guzywk" {+Inv} (You found it on
                  | level 6 of the Dungeon)
  6776 | D:6      | Noticed Maggie
  6782 | D:6      | Found a staircase to the Ecumenical Temple.
  6790 | D:6      | HP: 3/67 [Maggie/+1 long sword of flaming (2)]
  6791 | D:6      | Killed from afar by Maggie

Illustrated notes

Levels and vault maps discovered:
D:1:      ncdulo_wetmaze, layout_rooms, serial_co_window_serial,
          co_window_of_opportunity_a, co_window_paths_b,
          co_window_of_opportunity_a, co_window_of_opportunity_a,
          co_window_corner_a, co_window_of_opportunity_a,
          co_window_of_opportunity_a, co_window_paths_b, co_window_paths_a,
          co_window_2corner, co_window_of_opportunity_c, co_window_cross_2,
          co_window_paths_c, co_window_corner_ca, glass_columns_a
D:2:      layout_basic
D:3:      layout_loops_cross, lemuel_crystal_altar, gammafunk_ghost_cemetery,
          minivault_14, corexii_leaking_fountain, nicolae_ru_path_of_blood
D:4:      layout_loops_ring, lemuel_zombie_altar_kikubaaqudgha,
          nicolae_qazlal_general_emergency, minmay_snake_closets, uniq_ijyb,
          uniq_duvessa
D:5:      layout_loops_ring, first_ration, serial_shops,
          nicolae_shop_competitors_out_of_business, nicolae_shop_behind_doors,
          shop_fountains, kennysheep_mini_moat, basic_altar
D:6:      layout_rooms, minmay_temple_entry_gardened_gates, uniq_maggie

Skill      XL: |  1  2  3  4  5  6  7 |
---------------+----------------------+-----
Bows           | 6 7 9 |  9.3
Armour         | 1 2 3 |  3.7
Dodging        | 2 |  2.5
Fighting       | 3 4 |  4.6
Maces & Flails | 1 |  1.4
Stealth        | |  0.4

Action                   |  1- 3 |  4- 6 |  7- 9 || total
-------------------------+-------+-------+-------++-------
Melee: Short sword       |    39 |       |       ||    39
       Kick              |    24 |    28 |    28 ||    80
       Rapier            |   109 |    84 |       ||   193
       Mace              |       |    64 |    90 ||   154
 Fire: Shortbow          |       |    34 |       ||    34
  Use: Potion            |       |       |     2 ||     2
  Eat: Chunk             |     4 |     8 |     4 ||    16
Armor: Leather armour    |    41 |       |       ||    41
       Scale mail        |    55 |    77 |    49 ||   181
Dodge: Dodged            |   100 |    65 |    39 ||   204
       Repelled          |     1 |       |     1 ||     2
